 Dungeon Crawl Stone Soup version 0.17-a0-2231-gd80ca38 (webtiles) character file.

448 Eldritch the Shield-Bearer (level 6, 0/57 HPs)
             Began as a Deep Dwarf Fighter on Oct 29, 2015.
             Killed by divine providence
             ... invoked by an orc priest
              (16 damage)
             ... on level 4 of the Dungeon.
             The game lasted 00:07:07 (2638 turns).

Eldritch the Shield-Bearer (Deep Dwarf Fighter)     Turns: 2638, Time: 00:07:07

Health: 0/57       AC: 10    Str: 21    XL:     6   Next: 73%
Magic:  6/6        EV:  8    Int:  9    God:
Gold:   225        SH: 11    Dex: 12    Spells: 0 memorised, 5 levels left

rFire  . . .     SeeInvis .     a - +0 war axe
rCold  . . .     Clarity  .     b - +0 scale mail
rNeg   . . .     SustAt   .     c - +1 shield
rPois  .         Gourm    .     (no helmet)
rElec  .         Spirit   .     y - +2 cloak {+Inv}
rCorr  .         Warding  .     (no gloves)
rMut   .         Stasis   .     (no boots)
MR     .....                    (no amulet)
Stlth  ..........               (no ring)
                                (no ring)

@: non-regenerating, not resistant to hostile enchantments, extremely unstealthy
A: damage resistance, recharge devices, sense surroundings 1, slow regeneration
3
a: Device Recharging, Evoke Invisibility


You were on level 4 of the Dungeon.
You were not hungry.

You visited 1 branch of the dungeon, and saw 4 of its levels.
You also visited: Sewer.

You collected 225 gold pieces.

Inventory:

Hand Weapons
 a - a +0 war axe (weapon)
Armour
 b - a +0 scale mail (worn)
 c - a +1 shield (worn)
 y - a +2 cloak of invisibility (worn)
Jewellery
 l - an uncursed ring of positive energy
Wands
 e - a wand of heal wounds (0)
 p - a wand of flame (33)
Scrolls
 f - a scroll of enchant weapon {unknown}
 g - 2 scrolls of enchant armour
 i - a scroll of fear {unknown}
 j - 2 scrolls of remove curse {unknown}
 k - 3 scrolls of identify
 m - a scroll of immolation {unknown}
 n - 2 scrolls of fog {unknown}
 q - a scroll of amnesia
 v - a scroll of random uselessness {unknown}
Potions
 d - 3 potions of might
 h - 2 potions of agility {unknown}
 o - 3 potions of heal wounds {unknown}
 r - a potion of haste {unknown}
 s - 6 potions of flight {unknown}
 t - a potion of brilliance {unknown}
 u - 2 potions of curing {unknown}
 z - a potion of mutation {unknown}
 A - a potion of ambrosia {unknown}
Books
 w - a book of the Sky

   Spells                             Type                      Level
   a - Summon Lightning Spire         Summoning/Air                4
   b - Airstrike                      Air                          4
   c - Silence                        Hexes/Air                    5
   d - Deflect Missiles               Charms/Air                   6
   e - Conjure Ball Lightning         Conjuration/Air              6
   f - Tornado                        Air                          9
Comestibles
 x - 2 meat rations


   Skills:
 + Level 3.9 Fighting
 + Level 4.3 Axes
 + Level 5.0 Armour
 - Level 1.5 Dodging
 + Level 5.1 Shields


You had 5 spell levels left.
You didn't know any spells.

Dungeon Overview and Level Annotations

Branches:
Dungeon (4/15)
 Temple: D:4-7

Altars:
Nemelex Xobeh
The Shining One


Innate Abilities, Weirdness & Mutations

You are resistant to damage.
You can recharge devices by infusing magical energy.
You passively map a small area around you.
You do not regenerate naturally.


Message History

Your shield prevents you from hitting something.
Something hits you but does no damage.
You miss something.
The orc priest looks braver for a moment.
Something completely misses you.
Evoke which item? (* to show all) (? for menu, Esc to quit)
This wand has no charges.
You fail to use your ability.
The orc priest calls down the wrath of Beogh upon you.
Reactivating autopickup.
Evoke which item? (* to show all) (? for menu, Esc to quit)
This wand has no charges.
The orc priest casts a cantrip, but nothing happens.
Things that are here:
a dagger; a robe; an orc corpse You hit the orc priest.
The orc priest is moderately wounded.
The orc priest calls down the wrath of Beogh upon you.
Something smites you!
You die...

#.# #.# #.#
#.# * #.#
#.# #.# ,
#########.#
,
....ooo@..#
*
###########


You could see an orc priest and 2 orcs.

Vanquished Creatures
  The ghost of jejorda2 the Chopper, an amateur HOGl (D:3)
  A giant frog (D:3)
  Crazy Yiuf (D:4)
  Jessica (D:2)
  Natasha (thrice) (D:2)
  5 adders
  6 river rats (Sewer)
  2 oozes
  3 worms
  A giant gecko (D:2)
  3 orcs
  7 bats
  4 giant cockroaches
  6 goblins
  7 hobgoblins
  4 jackals (D:4)
  4 ball pythons (Sewer)
  A giant gecko skeleton (D:4)
  9 giant newts
  24 kobolds
  A quokka skeleton (D:4)
  22 rats
116 creatures vanquished.

Vanquished Creatures (others)
  An orc wizard (D:4)
1 creature vanquished.

Grand Total: 117 creatures vanquished

Notes
Turn   | Place    | Note
--------------------------------------------------------------
     0 | D:1      | Eldritch the Deep Dwarf Fighter began the quest for the Orb.
     0 | D:1      | Reached XP level 1. HP: 20/20 MP: 1/1
   240 | D:1      | Reached XP level 2. HP: 22/28 MP: 2/2
   358 | D:1      | You fall through a shaft!
   368 | D:2      | Noticed Jessica
   373 | D:2      | Killed Jessica
   373 | D:2      | Reached XP level 3. HP: 24/34 MP: 3/3
   715 | D:2      | Noticed Natasha
   723 | D:2      | Killed Natasha
   723 | D:2      | Reached skill level 4 in Armour
   723 | D:2      | Reached skill level 1 in Dodging
   723 | D:2      | Reached XP level 4. HP: 22/42 MP: 4/4
   833 | D:2      | Noticed Natasha
   840 | D:2      | Killed Natasha
   875 | D:2      | Noticed Natasha
   879 | D:2      | Killed Natasha
  1189 | D:3      | Found a glowing drain.
  1208 | Sewer    | Entered a sewer
  1332 | Sewer    | Reached XP level 5. HP: 33/49 MP: 5/5
  1868 | D:3      | Found a sparkling altar of Nemelex Xobeh.
  1909 | D:3      | Noticed jejorda2's ghost (amateur HOGl)
  1926 | D:3      | Killed jejorda2's ghost
  1926 | D:3      | Reached XP level 6. HP: 49/57 MP: 6/6
  1980 | D:3      | Noticed a giant frog
  1986 | D:3      | Killed a giant frog
  1986 | D:3      | Reached skill level 5 in Shields
  2191 | D:3      | Found a glowing golden altar of the Shining One.
  2520 | D:4      | Noticed Crazy Yiuf
  2527 | D:4      | Killed Crazy Yiuf
  2527 | D:4      | Reached skill level 5 in Armour
  2638 | D:4      | Killed from afar by an orc priest

Vault maps used:
D:1:      onia_arrival_mini_maze_b
D:2:      uniq_natasha, uniq_jessica
D:3:      tso_altar, portal_sewer_entry_b, nemelex_spade_bored_becter
D:4:      uniq_crazy_yiuf_cottage
Sewer:    sewer_minmay_treatment

Action                   |  1- 3 |  4- 6 || total
-------------------------+-------+-------++-------
Melee: War axe           |    82 |   284 ||   366
Evoke: Wand              |       |     5 ||     5
  Use: Potion            |       |     1 ||     1
       Scroll            |       |     5 ||     5
 Stab: Invisible         |       |     1 ||     1
  Eat: Beef jerky        |       |     2 ||     2
       Bread ration      |       |     1 ||     1
